 Dungeon Crawl Stone Soup version 0.28.0-53-g5a82cb258f (webtiles) character file.

Game seed: 8844462373620319015

147634 concernfroge the Destroyer (level 16, -5/97 HPs)
             Began as a Deep Elf Conjurer on July 2, 2022.
             Was a High Priest of Sif Muna.
             Shot with an arrow by Vashnia (38 damage)
             ... on level 2 of the Snake Pit.
             The game lasted 03:50:51 (31031 turns).

concernfroge the Destroyer (Deep Elf Conjurer)     Turns: 31031, Time: 03:50:52

Health: -5/97      AC: 22    Str:  6    XL:     16   Next: 92%
Magic:  20/43      EV: 16    Int: 32    God:    Sif Muna [*****.]
Gold:   211        SH: 16    Dex: 13    Spells: 1/40 levels left

rFire   + + +      SeeInvis .   o - staff of cold
rCold   + + +      Faith    .   Q - +4 kite shield {AC+3}
rNeg    . . .      Spirit   .   g - +2 robe {rC+}
rPois   +          Reflect  .   I - +2 helmet
rElec   .          Harm     .   j - scarf {rC+ rF+}
rCorr   .          Rampage  .   c - +2 pair of gloves
Will    +....                   D - +2 pair of boots
Stlth   ++........              C - amulet of magic regeneration
HPRegen 0.26/turn               Y - ring of Iphued Wecem {rPois AC+4}
MPRegen 0.68/turn               b - ring of magical power

@: about to teleport
A: iridescent scales 1, fire resistance 2, strong 1
a: Renounce Religion, Channel Magic, Forget Spell, Divine Exegesis


You were on level 2 of the Snake Pit.
You worshipped Sif Muna.
Sif Muna was extremely pleased with you.
You visited 5 branches of the dungeon, and saw 26 of its levels.
You also visited: Bailey.

You collected 2242 gold pieces.
You spent 2031 gold pieces at shops.

Inventory:

Missiles
 y - 4 throwing nets
Armour
 c - a +2 pair of gloves (worn)
 g - a +2 robe of cold resistance (worn)
 j - a scarf of resistance (worn)
 D - a +2 pair of boots (worn)
 I - a +2 helmet (worn)
 Q - a +4 kite shield of protection (worn)
Magical Staves
 f - a staff of fire
 o - a staff of cold (weapon)
 w - a staff of poison
Jewellery
 b - a ring of magical power (right hand)
 C - an amulet of magic regeneration (around neck)
 Y - the ring of Iphued Wecem (left hand) {rPois AC+4}
   (You found it on level 14 of the Dungeon)

   [ring of protection]

   AC:        It affects your AC (+4).
   rPois:     It protects you from poison.
Wands
 m - a wand of flame (22) (quivered)
 A - a wand of iceblast (12)
 B - a wand of polymorph (24)
 F - a wand of charming (10)
 G - a wand of paralysis (5)
 H - a wand of acid (7)
 L - a wand of digging (5)
Scrolls
 a - a scroll of holy word
 d - 3 scrolls of fear
 e - 2 scrolls of summoning
 h - a scroll of torment
 l - 6 scrolls of fog
 p - 4 scrolls of vulnerability
 v - 6 scrolls of teleportation
 K - 4 scrolls of amnesia
 M - a scroll of immolation
 O - 3 scrolls of blinking
 P - 3 scrolls of silence
 U - 3 scrolls of magic mapping
Potions
 i - 3 potions of flight
 n - 2 potions of curing
 q - 5 potions of heal wounds
 u - a potion of invisibility
 z - 6 potions of cancellation
 E - a potion of resistance
 N - 3 potions of ambrosia
 R - 7 potions of brilliance
 W - a potion of haste


   Skills:
 - Level 10.0 Fighting
 - Level 12.0 Dodging
 - Level 2.4 Stealth
 - Level 12.0 Shields
 + Level 12.9 Spellcasting
 * Level 14.2 Conjurations
 - Level 6.6 Hexes
 - Level 4.8 Translocations
 * Level 12.1 Fire Magic
 - Level 10.0 Invocations
 - Level 10.0 Evocations


You had one spell level left.
You knew the following spells:

 Your Spells              Type           Power      Damage    Failure   Level
a - Magic Dart            Conj           100%       1d8       0%          1
b - Searing Ray           Conj           100%       2d8       1%          2
c - Dazzling Flash        Conj/Hex       100%       N/A       1%          3
d - Fulminant Prism       Conj/Hex       36%        3d18      1%          4
e - Iskenderun's Mystic   Conj/Tloc      69%        2d14      1%          4
f - Fireball              Conj/Fire      40%        3d16      1%          5
g - Confusing Touch       Hex            59%        N/A       1%          3
h - Iskenderun's Battles  Conj           84%        2d13      1%          5
i - Cause Fear            Hex            29%        N/A       3%          4
j - Starburst             Conj/Fire      40%        6d12      3%          6
k - Scorch                Fire           100%       2d10      1%          2

Your spell library contained the following spells:

 Spells                   Type           Power      Damage    Failure   Level
 Foxfire                  Conj/Fire      100%       2x1d9     1%          1
 Shock                    Conj/Air       100%       1d9       1%          1
 Beastly Appendage        Tmut           40%        N/A       4%          1
 Sting                    Tmut/Pois      80%        1d7       4%          1
 Summon Small Mammal      Summ           80%        N/A       4%          1
 Ensorcelled Hibernation  Hex/Ice        100%       N/A       1%          2
 Static Discharge         Conj/Air       60%        N/A       1%          2
 Inner Flame              Hex/Fire       69%        N/A       1%          3
 Mephitic Cloud           Conj/Pois/Air  50%        N/A       1%          3
 Stone Arrow              Conj/Erth      100%       3d13      1%          3
 Flame Wave               Conj/Fire      81%        2d14      1%          4
 Sticky Flame             Conj/Fire      81%        2d9       1%          4
 Hailstorm                Conj/Ice       78%        3d16      2%          4
 Summon Guardian Golem    Hex/Summ       42%        N/A       3%          3
 Call Imp                 Summ           20%        N/A       7%          2
 Passwall                 Tmut/Erth      16%        N/A       7%          2
 Poisonous Vapours        Pois/Air       40%        N/A       7%          2
 Sublimation of Blood     Necr           20%        N/A       7%          2
 Irradiate                Conj/Tmut      30%        3d24      7%          5
 Lightning Bolt           Conj/Air       30%        1d47      7%          5
 Orb of Destruction       Conj           42%        9d12      11%         7
 Call Canine Familiar     Summ           20%        N/A       14%         3
 Swiftness                Air            20%        N/A       14%         3
 Yara's Violent Unravell  Hex/Tmut       21%        3d10      32%         5
 Iron Shot                Conj/Erth      30%        9d6       36%         6
 Animate Armour           Summ/Erth      40%        N/A       43%         4
 Dispel Undead            Necr           20%        3d11      43%         4
 Ice Form                 Ice/Tmut       30%        N/A       43%         4
 Olgreb's Toxic Radiance  Pois           20%        N/A       43%         4
 Petrify                  Tmut/Erth      20%        N/A       43%         4
 Dispersal                Tloc           25%        N/A       67%         6
 Alistair's Intoxication  Tmut/Pois      13%        N/A       78%         5
 Blade Hands              Tmut           10%        N/A       78%         5
 Lee's Rapid Deconstruct  Erth           10%        3d9*      78%         5
 Ignition                 Fire           39%        3d12      91%         8
 Enfeeble                 Hex            29%        N/A       94%         7
 Simulacrum               Ice/Necr       15%        N/A       100%        6
 Statue Form              Tmut/Erth      13%        N/A       100%        6
 Dragon Form              Tmut           10%        N/A       100%        7
 Discord                  Hex            29%        N/A       100%        8
 Disjunction              Tloc           25%        N/A       100%        8
 Lehudib's Crystal Spear  Conj/Erth      30%        10d8      100%        8


Dungeon Overview and Level Annotations

Branches:
Dungeon (15/15)            Temple (1/1) D:5            Lair (6/6) D:8
 Shoals (0/4) Lair:3        Snake (2/4) Lair:2        Slime (0/5) Lair:6
    Orc (2/2) D:9             Elf (0/3) Orc:2        Vaults (0/5) D:14
 Depths (0/4) D:15         Bailey (visited)

Altars:
Ashenzari
Cheibriados
Dithmenos
Elyvilon
Fedhas
Gozag
Hepliaklqana
Kikubaaqudgha
Makhleb
Nemelex Xobeh
Okawaru
Qazlal
Ru
Sif Muna
Trog
Uskayaw
Vehumet
Wu Jian
Xom
Yredelemnul
Zin
The Shining One

Shops:
D:3 [   D:7 (   D:9 *   D:14 (   Orc:1 :   Orc:2 (([(*   Snake:1 !

Portals:
Trove: D:13 (give 8 scrolls of fog)

Annotations:
D:4 2 transporters, Menkaure
Snake:2 Vashnia


Innate Abilities, Weirdness & Mutations

You are partially covered in iridescent scales. (AC +2)
Your flesh is very heat resistant. (rF++)
Your muscles are strong. (Str +2)


Message History

The arrow hits you!!
A naga mage comes into view. It is wielding a +4 spear.
Unknown command.
Okay, then.
Casting: Fulminant Prism (mildly dangerous; 1% risk of failure)
Confirm with . or Enter, or press ? or * to list all spells.
You conjure a globe of magical energy.
Vashnia shoots an arrow.
The arrow hits your battlesphere!!! The arrow burns your battlesphere.
Your battlesphere is destroyed!
The naga sharpshooter shoots an arrow.
The arrow hits you!!
The naga sharpshooter casts a spell.
The naga sharpshooter magically shoots an arrow.
The arrow hits you!
Your fulminant prism crackles loudly.
Okay, then.
Casting: Iskenderun's Battlesphere (mildly dangerous; 1% risk of failure)
Confirm with . or Enter, or press ? or * to list all spells.
Casting: Cause Fear (dangerous; 3% risk of failure)
Press: ? - help, Dir - look around, f - activate Vashnia resists with almost no effort.
The naga sharpshooter looks frightened!
The naga sharpshooter resists with almost no effort.
The naga mage looks frightened!
Vashnia spits poison at you.
The splash of poison hits you but does no damage.
You resist.
The naga sharpshooter spits poison at you.
The splash of poison misses you.
Your fulminant prism explodes!
The blast of energy engulfs Vashnia but does no damage.
Vashnia is moderately wounded.
Sif Muna accepts your kill.
You feel a bit more experienced.
The blast of energy engulfs the naga sharpshooter!!
The naga sharpshooter is severely wounded.
Your attack snaps the naga sharpshooter out of its fear.
You hear an angry hiss.
As you read the scroll of teleportation, it crumbles to dust.
You feel strangely unstable.
You feel less invigorated.
Vashnia shoots an arrow.
The arrow hits you!!!
You die...

.....<............#..###
..
.........####.###......#
# .........# ###.##.....
.........# #..#######
........## #.##.^.
.#..[..## ####.##.###
#####..# #...)#....#
#...†N.##.♣ #.@)##†♣ ≈♣
#...≈♣♣†≈ ≈≈ #...○♣♣
≈≈≈≈ ≈≈ #.##≈♣ ♣*≈♣≈≈≈≈
#. ≈≈N ≈≈≈≈≈ ≈ #. ♣≈)≈
≈S≈≈≈ #. ♣≈≈N ≈≈≈≈ ≈≈≈≈≈
♣♣♣≈≈


You could see Vashnia (catching breath) and 2 naga sharpshooters.

Vanquished Creatures
  Gastronok (Lair:2)
  Kirke (Lair:6)
  Roxanne (Snake:1)
  The ghost of DocClef the Warrior, a journeyman MfGl of Okawaru (D:12)
  Aizul (Snake:1)
  A juggernaut zombie (D:15)
  A dire elephant (Lair:4)
  Azrael (Snake:1)
  Fannar (Lair:1)
  3 hydras
  Harold (D:8)
  6 catoblepae
  A vault guard (D:14)
  5 naga warriors
  A death knight (D:13)
  2 anacondas
  A boulder beetle (D:14)
  5 centaur warriors
  9 two-headed ogres
  2 ogre magi
  11 death yaks
  7 orc high priests
  2 tengu warriors
  4 shock serpents
  6 naga sharpshooters (Snake:2)
  5 sea snakes (Snake:2)
  7 skeletal warriors
  A salamander mystic (Snake:2)
  6 naga ritualists
  A swamp dragon (shapeshifter) (D:14)
  A phantasmal warrior (D:15)
  A lindwurm (Lair:6)
  A necromancer (D:15)
  17 orc knights
  A harpy (shapeshifter) (D:13)
  3 orc sorcerers
  A sphinx zombie (D:15)
  4 mana vipers
  7 ugly things
  3 cyclopes
  25 elephants
  5 manticores
  7 salamanders
  A guardian serpent (shapeshifter) (D:15)
  A frost giant skeleton (D:15)
  3 guardian serpents
  29 black mambas
  7 naga magi
  23 cane toads
  Maggie (D:6)
  2 rime drakes (Lair:6)
  2 kobold demonologists
  3 tengu conjurers
  An efreet (D:11)
  9 komodo dragons
  A merfolk (shapeshifter) (D:14)
  4 polar bears
  9 trolls
  A wind drake (Lair:3)
  27 blink frogs
  7 slime creatures
  5 dream sheep (Lair:5)
  A centaur simulacrum (D:14)
  56 yaks
  A vampire (D:10)
  A spriggan (Lair:4)
  5 wyverns
  6 hogs (Lair:6)
  A steam dragon (D:6)
  3 fire elementals (Snake:1)
  2 wraiths
  6 basilisks
  9 vampire mosquitoes
  A tengu zombie (D:15)
  2 wargs (Orc:1)
  3 acid dragons
  18 nagas
  A water moccasin (shapeshifter) (D:13)
  15 water moccasins
  2 hell hounds (Snake:1)
  A hornet zombie (D:5)
  33 orc warriors
  A black bear (D:5)
  An ice beast (D:7)
  A black bear (shapeshifter) (D:13)
  3 sky beasts
  10 centaurs
  5 ogres
  4 wolves (Lair:5)
  A necrophage (D:4)
  7 kobold brigands
  11 bullfrogs
  3 scorpions
  2 gnoll sergeants
  2 wyvern zombies (D:6)
  A water moccasin skeleton (D:6)
  2 water moccasin zombies (D:6)
  11 wights
  6 howler monkeys
  15 electric eels
  8 centaur zombies
  4 bullfrog zombies
  3 jellies
  A bullfrog skeleton (D:7)
  3 centaur skeletons
  A gnoll shaman (D:7)
  38 orc priests
  6 hounds
  An iguana (D:6)
  A scorpion zombie (D:5)
  17 orc wizards
  7 hell rats (Lair:4)
  3 killer bee zombies
  2 hound zombies (D:5)
  A hound skeleton (D:5)
  2 howler monkey zombies
  30 gnolls
  A howler monkey skeleton (D:6)
  9 adders
  An ufetubus (D:5)
  An adder skeleton (D:4)
  A worm (D:2)
  A dart slug (D:1)
  104 orcs
  7 endoplasms
  5 giant cockroaches
  15 goblins
  15 hobgoblins
  6 jackals
  3 quokkas
  8 ball pythons
  4 bats
  3 frilled lizards
  53 kobolds
  7 rats
  4 fulminant prisms
936 creatures vanquished.

Vanquished Creatures (others)
  715 fulminant prisms
  138 fungi
  180 plants
  6 withered plants
1039 creatures vanquished.

Grand Total: 1975 creatures vanquished

Notes
Turn   | Place    | Note
-------+----------+-------------------------------------------
     0 | D:1      | concernfroge the Deep Elf Conjurer began the quest for the
                  | Orb.
     0 | D:1      | Reached XP level 1. HP: 10/10 MP: 6/6
   204 | D:1      | Reached XP level 2. HP: 15/15 MP: 6/8
   208 | D:1      | Learned a level 2 spell: Searing Ray
   452 | D:1      | Found a faded altar of an unknown god.
   968 | D:2      | Reached skill level 5 in Conjurations
   968 | D:2      | Reached XP level 3. HP: 19/19 MP: 8/10
   972 | D:2      | Learned a level 3 spell: Dazzling Flash
  1107 | D:2      | Reached skill level 1 in Hexes
  1248 | D:2      | Found an ornate altar of the Wu Jian Council.
  1418 | D:2      | Reached XP level 4. HP: 23/24 MP: 7/12
  1423 | D:2      | Learned a level 4 spell: Fulminant Prism
  2209 | D:3      | Found Kiqehih's Armour Shop.
  2933 | D:4      | Reached skill level 5 in Spellcasting
  2933 | D:4      | Reached XP level 5. HP: 28/28 MP: 6/14
  2938 | D:4      | Learned a level 4 spell: Iskenderun's Mystic Blast
  3055 | D:4      | Noticed a phantom
  3060 | D:4      | Found a basalt altar of Yredelemnul.
  3062 | D:4      | Noticed Menkaure
  3064 | D:4      | Found an ancient bone altar of Kikubaaqudgha.
  3255 | D:4      | Found a transporter.
  3257 | D:4      | Found a transporter.
  3262 | D:4      | Noticed a sky beast
  3266 | D:4      | Killed a sky beast
  3267 | D:4      | Reached skill level 1 in Translocations
  3267 | D:4      | Reached XP level 6. HP: 32/32 MP: 6/16
  3301 | D:4      | Noticed a two-headed ogre
  3378 | D:5      | Entered Level 5 of the Dungeon
  3383 | D:5      | Reached skill level 6 in Conjurations
  3438 | D:5      | Gained mutation: You are partially covered in iridescent
                  | scales. (AC +2) [potion of mutation]
  3438 | D:5      | Gained mutation: Your muscles are strong. (Str +2) [potion
                  | of mutation]
  3438 | D:5      | Gained mutation: Your flesh is heat resistant. (rF+)
                  | [potion of mutation]
  3438 | D:5      | Gained mutation: Your flesh is very heat resistant. (rF++)
                  | [potion of mutation]
  3785 | D:5      | Reached XP level 7. HP: 36/36 MP: 3/18
  4082 | D:5      | Found a staircase to the Ecumenical Temple.
  4087 | Temple   | Entered the Ecumenical Temple
  4094 | Temple   | Became a worshipper of Sif Muna the Loreminder
  4244 | D:5      | Reached skill level 5 in Hexes
  4426 | D:6      | Noticed a steam dragon
  4430 | D:6      | Found a radiant altar of Vehumet.
  4458 | D:7      | Reached skill level 7 in Conjurations
  4655 | D:7      | Reached XP level 8. HP: 41/41 MP: 1/20
  4846 | D:7      | Found Liamergh's Weapon Emporium.
  5487 | D:7      | Reached skill level 1 in Invocations
  5487 | D:7      | Reached skill level 1 in Evocations
  5542 | D:7      | Reached * piety under Sif Muna
  5590 | D:7      | Reached skill level 1 in Fighting
  5853 | D:6      | Reached XP level 9. HP: 32/48 MP: 8/23
  6213 | D:6      | Found a glowing golden altar of the Shining One.
  6583 | D:6      | Reached skill level 5 in Dodging
  6731 | D:6      | Noticed Maggie
  6743 | D:6      | Killed Maggie
  7024 | D:5      | Reached skill level 1 in Shields
  8421 | D:4      | Reached ** piety under Sif Muna
  8471 | D:4      | Reached skill level 5 in Invocations
  9228 | D:4      | Killed a two-headed ogre
  9228 | D:4      | Reached *** piety under Sif Muna
  9229 | D:4      | Reached XP level 10. HP: 56/56 MP: 11/24
  9805 | D:8      | Noticed Harold
  9835 | D:8      | Killed Harold
  9836 | D:8      | Reached skill level 5 in Shields
 10295 | D:8      | Found a staircase to the Lair.
 10549 | Lair:1   | Entered Level 1 of the Lair of Beasts
 10671 | D:3      | Bought a scarf of resistance for 448 gold pieces
 10805 | Lair:1   | Noticed a cane toad
 10812 | Lair:1   | Killed a cane toad
 10853 | Lair:1   | Noticed an elephant
 10853 | Lair:1   | Noticed an elephant
 10856 | Lair:1   | Noticed an elephant
 10865 | Lair:1   | Noticed a cane toad
 10874 | Lair:1   | Killed a cane toad
 10874 | Lair:1   | Killed an elephant
 10875 | Lair:1   | Reached XP level 11. HP: 60/60 MP: 17/25
 11141 | Lair:1   | Noticed Fannar
 11157 | Lair:1   | Killed Fannar
 11727 | Lair:2   | Found a staircase to the Snake Pit.
 11780 | Lair:2   | Noticed an eight-headed hydra
 11790 | Lair:2   | Reached **** piety under Sif Muna
 11793 | Lair:2   | Killed an eight-headed hydra
 11955 | Lair:2   | Reached skill level 10 in Invocations
 12112 | Lair:2   | Noticed Gastronok
 12147 | Lair:2   | Killed Gastronok
 12148 | Lair:2   | Reached skill level 10 in Shields
 12148 | Lair:2   | Reached skill level 5 in Evocations
 12148 | Lair:2   | Reached XP level 12. HP: 64/64 MP: 4/26
 12444 | Lair:2   | You fall into a shaft and drop 1 floor!
 12444 | Lair:3   | Noticed a five-headed hydra
 12451 | Lair:3   | Killed a five-headed hydra
 12476 | Lair:3   | Noticed a death yak
 12480 | Lair:3   | Noticed a death yak
 12482 | Lair:3   | Noticed a death yak
 12483 | Lair:3   | Noticed a death yak
 12484 | Lair:3   | Found a staircase to the Shoals.
 12567 | Lair:3   | Noticed a death yak
 12581 | Lair:3   | Killed a death yak
 12624 | Lair:3   | Killed a death yak
 12628 | Lair:3   | Killed a death yak
 12630 | Lair:3   | Killed a death yak
 12635 | Lair:3   | Killed a death yak
 13251 | Lair:4   | Reached XP level 13. HP: 65/69 MP: 5/27
 13322 | Lair:4   | Noticed a dire elephant
 13568 | Lair:4   | Found a radiant altar of Vehumet.
 13720 | Lair:4   | Identified the +0 battleaxe of the Mouth {flame, MP-9
                  | Int+5}
 13892 | Lair:4   | Killed a dire elephant
 14398 | Lair:4   | Reached skill level 5 in Fighting
 14765 | Lair:5   | Reached skill level 10 in Evocations
 15711 | Lair:6   | Entered Level 6 of the Lair of Beasts
 15840 | Lair:6   | Reached skill level 10 in Dodging
 15970 | Lair:6   | Reached XP level 14. HP: 73/82 MP: 25/28
 16008 | Lair:6   | Found a staircase to the Slime Pits.
 16658 | Lair:6   | Noticed Kirke
 16674 | Lair:6   | Killed Kirke
 16949 | Lair:6   | Reached ***** piety under Sif Muna
 17307 | Lair:6   | Received a gift from Sif Muna
 17661 | Lair:6   | Learned a level 5 spell: Fireball
 17665 | Lair:6   | Learned a level 3 spell: Confusing Touch
 17791 | D:9      | Found a staircase to the Orcish Mines.
 18000 | D:9      | Reached skill level 1 in Fire Magic
 18024 | D:9      | Reached skill level 8 in Conjurations
 18317 | D:9      | Found Sapifoc's Assorted Antiques.
 18331 | D:9      | Bought a scroll labelled TOCHARUSTY for 36 gold pieces
 18331 | D:9      | Bought a scorched amethyst amulet for 180 gold pieces
 18331 | D:9      | Identified the amulet of Justru Pevvo {Harm rF++ Will+
                  | Regen+ Str-4} (You bought it in a shop on level 9 of the
                  | Dungeon)
 18331 | D:9      | Bought a scroll of identify for 72 gold pieces
 18331 | D:9      | Bought a scroll labelled TOCHARUSTY for 36 gold pieces
 18331 | D:9      | Bought a scroll of identify for 72 gold pieces
 18994 | D:10     | Entered Level 10 of the Dungeon
 19055 | D:10     | Found a flagged portal.
 19121 | Bailey   | Entered a bailey
 19474 | Bailey   | Paralysed by an orc sorcerer for 3 turns
 19495 | Bailey   | Found an iron altar of Okawaru.
 19903 | D:10     | You fall into a shaft and drop 2 floors!
 19999 | D:12     | Found a runed translucent door.
 19999 | D:12     | Noticed DocClef's ghost (journeyman MfGl)
 20184 | D:11     | Received a gift from Sif Muna
 20193 | D:11     | Got Sif Muna's Disquisition on Damaging Summoning {god
                  | gift}
 20200 | D:11     | Learned a level 5 spell: Iskenderun's Battlesphere
 21609 | D:12     | Reached skill level 9 in Conjurations
 21840 | D:12     | Reached XP level 15. HP: 92/92 MP: 28/29
 22494 | D:13     | Reached skill level 5 in Fire Magic
 23405 | D:13     | Found a portal to a secret trove of treasure.
 24393 | D:14     | Found Japlipna's Antique Weapon Boutique.
 24419 | D:14     | Reached skill level 10 in Fighting
 24430 | D:14     | Reached skill level 10 in Conjurations
 24557 | D:14     | Found a gate to the Vaults.
 24559 | D:14     | Identified the ring of Iphued Wecem {rPois AC+4}
 24721 | D:14     | Found a shimmering blue altar of Sif Muna.
 24774 | D:15     | Entered Level 15 of the Dungeon
 24808 | D:15     | Reached skill level 10 in Spellcasting
 25339 | D:15     | Found a staircase to the Depths.
 25694 | D:15     | Reached skill level 11 in Conjurations
 25786 | D:15     | Identified the +3 chain mail of Ru's Whim {Regen+ Int+4}
 26004 | Orc:1    | Entered Level 1 of the Orcish Mines
 26094 | Orc:1    | Found Jabiliw's Book Boutique.
 26410 | Orc:2    | Entered Level 2 of the Orcish Mines
 26520 | Orc:2    | Found a staircase to the Elven Halls.
 26700 | Orc:2    | Received a gift from Sif Muna
 26722 | Orc:2    | Got Sif Muna's Volume of Flamy Conjuration {god gift}
 26983 | Orc:2    | Reached XP level 16. HP: 81/97 MP: 9/33
 27051 | Orc:2    | Reached skill level 12 in Conjurations
 27470 | Orc:2    | Found Duesaat's Antique Weapon Boutique.
 27577 | Orc:2    | Found Goumic's Antique Armour Emporium.
 27580 | Orc:2    | Found Deucw's Weapon Shoppe.
 27581 | Orc:2    | Found Xyibosomog's Antique Weapon Emporium.
 27582 | Orc:2    | Found Xenurch's General Store.
 27804 | Orc:2    | Bought a scroll of fear for 49 gold pieces
 27804 | Orc:2    | Bought a potion of ambrosia for 112 gold pieces
 27900 | Orc:1    | Bought a book of Hexes for 540 gold pieces
 27905 | Orc:1    | Learned a level 4 spell: Cause Fear
 27912 | Orc:1    | Learned a level 6 spell: Starburst
 28021 | D:12     | Killed DocClef's ghost
 28339 | D:3      | Bought a +2 pair of gloves for 231 gold pieces
 28350 | D:3      | Acquired a staff of fire
 28482 | Snake:1  | Entered Level 1 of the Snake Pit
 28646 | Snake:1  | Reached skill level 10 in Fire Magic
 28651 | Snake:1  | Received a gift from Sif Muna
 28652 | Snake:1  | Noticed Aizul
 28663 | Snake:1  | Killed Aizul
 28819 | Snake:1  | Found Mewutung's Distillery.
 28828 | Snake:1  | Bought a potion of brilliance for 60 gold pieces
 28828 | Snake:1  | Bought a potion of heal wounds for 75 gold pieces
 28828 | Snake:1  | Bought 2 potions of brilliance for 120 gold pieces
 29160 | Snake:1  | Noticed Azrael
 29162 | Snake:1  | Reached skill level 13 in Conjurations
 29174 | Snake:1  | Killed Azrael
 29497 | Snake:1  | Identified Roxanne's Volume of Changing
 29497 | Snake:1  | Noticed Roxanne
 30094 | Snake:1  | Killed Roxanne
 30176 | Snake:1  | Learned a level 2 spell: Scorch
 30815 | Snake:2  | Reached skill level 14 in Conjurations
 31021 | Snake:2  | Noticed Vashnia
 31031 | Snake:2  | Shot with an arrow by Vashnia

Illustrated notes

Levels and vault maps discovered:
D:1:      lightli_arrival_chessboard, layout_basic, serial_aquarium,
          aquarium_bridge_long_joined [aquarium_subvault_wall,
          aquarium_subvault_wall, aquarium_subvault_balcony,
          aquarium_subvault_bridge, aquarium_subvault_window,
          aquarium_subvault_window], aquarium_bridge_square
          [aquarium_subvault_bridge, aquarium_subvault_bridge,
          aquarium_subvault_bridge, aquarium_subvault_bridge],
          aquarium_window_2, aquarium_window_1, aquarium_window_corner,
          aquarium_window_2, aquarium_view_2c, aquarium_view_2e,
          hellmonk_ecumenical_altar_blasted
D:2:      layout_basic, basic_altar, minmay_fractal_squares_gapless_5
D:3:      layout_rooms, serial_rivers, chequers_serial_rivers_micro_e,
          chequers_serial_rivers_room_b, chequers_serial_rivers_micro_a,
          chequers_serial_rivers_small_3, chequers_serial_rivers_micro_e,
          chequers_serial_rivers_small_b, serial_shops, shop
D:4:      minmay_goblin_kobold_castle, layout_rooms, gammafunk_temple_of_torment
D:5:      layout_layer_cave, temple_doors_ab, minivault_24,
          minmay_divided_ellipse
D:6:      layout_basic, tso_altar, vehumet_crystals, serial_undead,
          serial_undead_b, serial_undead_c, serial_undead_b, serial_undead_e,
          serial_undead_f, serial_undead_d, uniq_maggie
D:7:      layout_loops_cross, serial_shops, nicolae_shop_bloodbath_and_beyond
D:8:      layout_rooms, david_lair_shrubbed, uniq_harold
D:9:      layout_loops_corners, orc_0_dummy, serial_shops,
          nicolae_shop_advertising_works [nicolae_subvault_shop_adworks]
D:10:     layout_gridville, enter_bailey_4
D:11:     layout_irregular_city, item_on_display_b
D:12:     layout_loops_ring, hellmonk_ghost_happy_afterlife, minivault_12
D:13:     layout_grid_maze, serial_glass, glass_columns_a, glass_columns_b,
          glass_columns_a, glass_columns_c, glass_columns_a,
          gauntlet_entry_generic, enter_trove_2
D:14:     layout_irregular_city, david_vaults_5, serial_shops,
          kennysheep_little_box, lemuel_blue_sif_altar
D:15:     gammafunk_depths_entry_grave, layout_basic, serial_park_square1
          [serial_park_minivault_5x5_7]
Temple:   nicolae_temple_no_exploring_needed
Lair:1:   layout_chaotic_city, grunt_megastairs_2, infiniplex_staircase_pool,
          uniq_fannar
Lair:2:   layout_chaotic_city, minmay_snake_entry_spellcaster, uniq_gastronok
Lair:3:   layout_hall_layers, minmay_shoals_entry_beasts, serial_bayou_shore_b,
          grunt_megastairs_1, infiniplex_staircase_pool_2, serial_bayou_shore_a
Lair:4:   mu_elephants_graveyard, layout_small_grid, basic_altar
Lair:5:   layout_regular_city
Lair:6:   evilmike_catoblepas_cave, layout_cellular_growth,
          minmay_slime_entry_pillars, chequers_serial_rivers_micro_c, uniq_kirke
Snake:1:  layout_cave_shapes, serial_shops, nicolae_shop_window_shopping,
          uniq_roxanne, uniq_azrael, uniq_aizul
Snake:2:  layout_rooms, serial_bayou_lake_a, uniq_vashnia
Orc:1:    nicolae_orc_accident_1, layout_caves, serial_shops, shop,
          enter_volcano_1, guppyfry_orc_lava_fort
Orc:2:    st_orc_pillars, layout_diamond_mine, serial_shops,
          nicolae_shop_crystal

Skill      XL: |  1  2  3  4  5  6  7  8  9 10 11 12 13 14 15 16 |
---------------+-------------------------------------------------+-----
Spellcasting   | 4 5 6 7 8 11 12 | 12.9
Conjurations   | 5 6 7 9 11 14 | 14.2
Hexes          | 1 2 3 4 5 6 |  6.6
Translocations | 1 2 4 |  4.8
Invocations    | 2 5 8 10 | 10.0
Evocations     | 2 4 5 8 10 | 10.0
Dodging        | 3 5 10 12 | 12.0
Fighting       | 1 3 7 9 10 | 10.0
Shields        | 3 7 10 12 | 12.0
Fire Magic     | 4 9 12 | 12.1
Stealth        | |  2.4

Action                   |  1- 3 |  4- 6 |  7- 9 | 10-12 | 13-15 | 16-18 || total
-------------------------+-------+-------+-------+-------+-------+-------++-------
Melee: Unarmed           |       |     1 |       |       |       |       ||     1
       Staff             |       |       |       |     3 |     1 |       ||     4
 Cast: Magic Dart        |    52 |    60 |   134 |    47 |   138 |   103 ||   534
       Searing Ray       |     5 |    14 |    39 |    21 |    94 |     7 ||   180
       Fulminant Prism   |       |     4 |    55 |   132 |   420 |   109 ||   720
       Iskenderun's Myst |       |     2 |    16 |    90 |   238 |    72 ||   418
       Iskenderun's Batt |       |       |       |       |    47 |    51 ||    98
       Confusing Touch   |       |       |       |       |     1 |     2 ||     3
       Fireball          |       |       |       |       |    23 |    24 ||    47
       Cause Fear        |       |       |       |       |       |     3 ||     3
Invok: Channel Magic     |       |       |     2 |    15 |    30 |    11 ||    58
Evoke: Wand              |       |       |       |     4 |     7 |     4 ||    15
  Use: Scroll            |       |    10 |     6 |    11 |    14 |     4 ||    45
       Potion            |       |     8 |     2 |     5 |     1 |     5 ||    21
Armor: Robe              |     1 |    12 |    30 |    18 |    30 |    17 ||   108
Dodge: Dodged            |     2 |    26 |    48 |    27 |    50 |    24 ||   177
Block: Kite shield       |       |       |     8 |    35 |    72 |    44 ||   159
